Cogmind - Beta 11.1 @@@ ROGUE MODE // 2022.05.16 @ 10:30:30 Player: Sara Result: Destroyed by S-10 Pest with Light Assault Rifle Performance ------------- Evolutions (1) 500 Regions Visited (4) 800 Robots Destroyed (11) 55 Value Destroyed (193) 193 Prototype IDs (0) 0 Alien Tech Used (0) 0 Bonus (200) 200 TOTAL SCORE: 1748 Bonus ------- Pacifist 200 Cogmind --------- Core Integrity 0/400 Matter 300/300 Energy 100/100 System Corruption 0% Temperature Cool (0) Movement Core (100) Ox1 Location -9/Mines Parts ------- > --- POWER (1) -------- (None) > --- PROPULSION (2) --- (None) > --- UTILITY (4) ------ Improved Terrain Scan Processor > --- WEAPON (2) ------- Great Maul > --- INVENTORY (5) ---- Light Ion Engine Small Laser Peak State ------------ > --- POWER ------------ (None) > --- PROPULSION ------- (None) > --- UTILITY ---------- Improved Terrain Scan Processor > --- WEAPON ----------- Minigun Great Maul > --- INVENTORY -------- Light Ion Engine Medium Laser Small Laser Assault Rifle [Rating: 9] Favorites ----------- Power None Propulsion None Utility Improved Terrain Scan Processor Device Terrain Scanner Processor Improved Terrain Scan Processor Weapon Assault Rifle Energy Gun Small Laser Ballistic Gun Assault Rifle Impact Weapon Great Maul Build | -11 -10 -10 -9 -9 ------- Run | Scr Mat Min Mat Min Slots Evolved 2 | . . . 2 . Power . | . . . . . Propulsion . | . . . . . Utility 2 | . . . 2 . Weapon . | . . . . . Parts Attached 13 | 2 . 4 6 1 Power . | . . . . . Engine . | . . . . . Core . | . . . . . Reactor . | . . . . . Propulsion . | . . . . . Treads . | . . . . . Leg . | . . . . . Wheel . | . . . . . Hover . | . . . . . Flight . | . . . . . Utility 3 | . . 2 1 . Device 2 | . . 1 1 . Storage . | . . . . . Processor 1 | . . 1 . . Hackware . | . . . . . Protection . | . . . . . Artifact . | . . . . . Weapon 10 | 2 . 2 5 1 Energy Gun 1 | 1 . . . . Energy Cannon . | . . . . . Ballistic Gun 4 | 1 . 1 2 . Ballistic Cannon . | . . . . . Launcher . | . . . . . Special Weapon . | . . . . . Impact Weapon 5 | . . 1 3 1 Slashing Weapon . | . . . . . Piercing Weapon . | . . . . . Special Melee Weapon . | . . . . . Unidentified Prototypes . | . . . . . Corrupted Parts 3 | . . 3 . . System Corruption 14 | . . 14 . . Parts Lost 3 | . . . 2 1 Power . | . . . . . Propulsion . | . . . . . Utility 1 | . . . . 1 Weapon 2 | . . . 2 . Highest Loss Streak 2 | . . . 2 1 To Critical Strikes . | . . . . . Average Slot Usage (%) 25 | . 28 33 20 23 Device 4 | . . 5 4 7 Processor 6 | . . . 11 11 Energy Gun 5 | . 14 14 . . Ballistic Gun 6 | . 14 14 4 . Impact Weapon 1 | . . . . 5 Naked Turns . | . . . . . Heaviest Build 7 | 3 3 7 5 5 Greatest Support 3 | 3 3 3 3 3 Greatest Overweight (x) 2 | . . 2 1 1 Average Overweight (x) . | . . . . . Largest Inventory Capacity 5 | 5 5 5 5 5 Average Capacity 5 | 5 5 5 5 5 Most Carried 5 | 3 2 5 5 3 Average Carried 2 | 1 2 3 3 2 Final Capacity 5 | 5 5 5 5 5 Final Carried 4 | 2 2 4 3 2 Class Distribution -------------------- 100% | Mutant Dominant Class ---------------- Mutant | -10/Materials Mutant | -10/Mines Mutant | -9/Materials Mutant | -9/Mines Resources | -11 -10 -10 -9 -9 ----------- Run | Scr Mat Min Mat Min Matter Collected 381 | 215 . 5 146 15 Remotely . | . . . . . Salvage Created 261 | . . . 212 49 Parts 22 | . . . 17 5 Haulers Intercepted 1 | . . . 1 . Recyclers Shooed . | . . . . . Parts Field Recycled . | . . . . . Retrieved Matter . | . . . . . Parts Self-Destructed . | . . . . . Prevented . | . . . . . Kills | -11 -10 -10 -9 -9 ------- Run | Scr Mat Min Mat Min Combat Hostiles Destroyed 9 | . . . 4 5 Melee 4 | . . . . 4 Guns 4 | . . . 4 . Classes Destroyed 4 | . . . 3 1 Builder 1 | . . . 1 . Hauler 1 | . . . 1 . Swarmer 5 | . . . . 5 Grunt 4 | . . . 4 . Best Kill Streak 6 | . . . 6 5 Combat Bots Only 5 | . . . 4 5 Max Kills in Single Turn 1 | . . . 1 1 Gunslinging . | . . . . . Exploded . | . . . . . Melee 1 | . . . . 1 Uniques/NPCs Destroyed . | . . . . . Combat | -11 -10 -10 -9 -9 -------- Run | Scr Mat Min Mat Min Damage Taken 705 | . 25 23 455 202 Core 415 | . 10 . 238 167 Absorbed by Shields . | . . . . . Core Remaining (%) 98 | 100 . 96 . . Volleys Fired 12 | . . . 12 . Largest 2 | . . . 2 . Hottest 45 | . . . 45 . Shots Fired 19 | . . . 19 . Gun 19 | . . . 19 . Cannon . | . . . . . Launcher . | . . . . . Special . | . . . . . Kinetic 19 | . . . 19 . Thermal . | . . . . . Explosive . | . . . . . Electromagnetic . | . . . . . Robot Hit Streak 3 | . . . 3 . Robot Miss Streak 3 | . . . 3 . Penetration Max . | . . . . . Secondary Targets 1 | . . . 1 . Max Gunslinging Chain 1 | . . . 1 . Shots Hit Robots 20 | . . . 13 7 Core Hits 10 | . . . 7 3 Critical Kills 2 | . . . . 2 Critical Parts Destroyed 2 | . . . . 2 Critical Strikes 4 | . . . . 4 Smash 4 | . . . . 4 Melee Attacks 15 | . . . 3 12 Impact 15 | . . . 3 12 Slashing . | . . . . . Piercing . | . . . . . Sneak Attacks 3 | . . . 3 . Combat Hostiles . | . . . . . Follow-up Attacks . | . . . . . Damage Inflicted 804 | . . . 510 294 Guns 213 | . . . 213 . Cannons . | . . . . . Explosions . | . . . . . Melee 587 | . . . 293 294 Ramming 4 | . . . 4 . Kinetic 213 | . . . 213 . Thermal . | . . . . . Explosive . | . . . . . Electromagnetic . | . . . . . Impact 587 | . . . 293 294 Slashing . | . . . . . Piercing . | . . . . . Highest Corruption 14 | . . 14 . . Average Corruption 11 | . . 11 . . Corruption Purged . | . . . . . Corruption Blocked . | . . . . . Overload Shots . | . . . . . Overflow Damage 145 | . . . 75 70 Projectiles . | . . . . . Explosions . | . . . . . Melee 145 | . . . 75 70 Knockbacks . | . . . . . Impact . | . . . . . Kinetic . | . . . . . Secondary . | . . . . . Self-Inflicted Damage 2 | . . . 2 . Shots . | . . . . . Rammed 1 | . . . 1 . Targets Rammed 1 | . . . 1 . Kicked . | . . . . . Crushed . | . . . . . Highest Temperature 24 | . . . 24 . Average Temperature 10 | . . . 10 . Received Heat Transfer 246 | . . . 246 . Siege Activations . | . . . . . Robots Corrupted . | . . . . . Combat Hostiles . | . . . . . Parts Fried . | . . . . . Impact Corruptions 4 | . . . 1 3 Robots Melted . | . . . . . Combat Hostiles . | . . . . . Parts Melted . | . . . . . Heat Transferred . | . . . . . Parts Sabotaged . | . . . . . Parts Stolen . | . . . . . Parts Stripped . | . . . . . Power Chain Reactions . | . . . . . Missiles Intercepted . | . . . . . Alert | -11 -10 -10 -9 -9 ------- Run | Scr Mat Min Mat Min Peak Influence 225 | . 30 11 207 225 Initial 80 | . . 11 3 80 Average 68 | . 11 11 126 104 Maximum Alert Level 1 | . . . 1 1 Low Security (%) 97 | 100 100 100 94 94 Level 1 2 | . . . 5 5 Level 2 . | . . . . . Level 3 . | . . . . . Level 4 . | . . . . . Level 5 . | . . . . . High Security . | . . . . . Max Security . | . . . . . Squads Dispatched 3 | . . . 3 . Investigation . | . . . . . Extermination . | . . . . . Reinforcement 3 | . . . 3 . Assault . | . . . . . Garrison . | . . . . . Intercept . | . . . . . Searches Triggered . | . . . . . Construction Impeded . | . . . . . Haulers Reinforced . | . . . . . Active Scanning Responses . | . . . . . Cargo Convoy Interrupts . | . . . . . Stealth | -11 -10 -10 -9 -9 --------- Run | Scr Mat Min Mat Min Distress Signals 3 | . . . 3 . Communications Jammed . | . . . . . Distress Signals . | . . . . . Times Spotted 36 | . 6 . 21 9 Peak Tracking Total 11 | . 6 . 11 4 Tactical Retreats 2 | . . . . 2 Traps | -11 -10 -10 -9 -9 ------- Run | Scr Mat Min Mat Min Traps Triggered 1 | . . 1 . . Indirectly . | . . . . . Trap Hack Attempts . | . . . . . Triggered . | . . . . . Disarmed . | . . . . . Reprogrammed . | . . . . . Reused . | . . . . . Traps Extracted . | . . . . . Installed . | . . . . . Triggered . | . . . . . Machines | -11 -10 -10 -9 -9 ---------- Run | Scr Mat Min Mat Min Machines Disabled . | . . . . . Max in Single Turn . | . . . . . Machines Sabotaged . | . . . . . Garrisons Compromised . | . . . . . Overloaded Fab Kills . | . . . . . Hacking | -11 -10 -10 -9 -9 --------- Run | Scr Mat Min Mat Min Machines Accessed 3 | . 1 1 1 . Terminals 2 | . 1 . 1 . Fabricators . | . . . . . Repair Stations . | . . . . . Recycling Units . | . . . . . Scanalyzers . | . . . . . Garrison Access . | . . . . . Total Hacks 6 | . 2 1 3 . Successful 3 | . 1 1 1 . Failed 3 | . 1 . 2 . Catastrophic 1 | . . . 1 . Database Lockouts . | . . . . . Manual 2 | . 2 . . . Terminals 5 | . 2 . 3 . Fabricators . | . . . . . Repair Stations . | . . . . . Recycling Units . | . . . . . Scanalyzers . | . . . . . Garrison Access . | . . . . . Terminal Hacks 2 | . . 1 1 . Open Door 1 | . . 1 . . Terminal Index 1 | . . . 1 . Fabricator Hacks . | . . . . . Repair Station Hacks . | . . . . . Recycling Unit Hacks . | . . . . . Scanalyzer . | . . . . . Garrison Access Hacks . | . . . . . Unauthorized Hacks 1 | . 1 . . . Terminals 1 | . 1 . . . Botnet 1 | . 1 . . . Fabricators . | . . . . . Repair Stations . | . . . . . Recycling Units . | . . . . . Scanalyzers . | . . . . . Garrison Access . | . . . . . Data Cores Recovered . | . . . . . Used . | . . . . . Hacking Detections 2 | . 1 . 1 . Full Trace Events 1 | . . . 1 . Feedback Events . | . . . . . Feedback Blocked . | . . . . . Robot Schematics Acquired . | . . . . . Robots Built . | . . . . . Authchips . | . . . . . Time . | . . . . . Total Robot Build Rating . | . . . . . Part Schematics Acquired . | . . . . . Parts Built . | . . . . . Authchips . | . . . . . Time . | . . . . . Total Part Build Rating . | . . . . . Parts Repaired . | . . . . . Time . | . . . . . Parts Recycled . | . . . . . Recycled Matter . | . . . . . Retrieved Matter . | . . . . . Retrieved Components . | . . . . . Parts Scanalyzed . | . . . . . Part Schematics Acquired . | . . . . . Parts Damaged . | . . . . . Bothacking | -11 -10 -10 -9 -9 ------------ Run | Scr Mat Min Mat Min Used RIF Installer . | . . . . . Robots Hacked . | . . . . . Non-combat . | . . . . . Combat . | . . . . . Robot Hacks Applied . | . . . . . Relay Couplers Released . | . . . . . Fabnet Peak Effective % . | . . . . . Robots Rewired . | . . . . . Allies Hacked . | . . . . . Hacks Repelled . | . . . . . Allies | -11 -10 -10 -9 -9 -------- Run | Scr Mat Min Mat Min Total Allies . | . . . . . Largest Group . | . . . . . Highest-Rated Group . | . . . . . Highest-Rated Ally . | . . . . . Total Orders . | . . . . . Ally Attacks . | . . . . . Total Damage . | . . . . . Kills . | . . . . . Allies Corrupted . | . . . . . Allies Melted . | . . . . . Intel | -11 -10 -10 -9 -9 ------- Run | Scr Mat Min Mat Min Robot Analysis Total . | . . . . . Derelict Logs Recovered 1 | . . 1 . . Drone Launches . | . . . . . Drone Recoveries . | . . . . . Exploration | -11 -10 -10 -9 -9 ------------- Run | Scr Mat Min Mat Min Turns Passed 440 | 29 86 80 127 118 Spaces Moved 458 | 47 126 110 154 21 Core 458 | 47 126 110 154 21 Treads . | . . . . . Legs . | . . . . . Wheels . | . . . . . Hover . | . . . . . Flight . | . . . . . Fastest Speed 50 | 50 50 50 50 50 Average Speed 54 | 50 50 60 51 78 Slowest Speed 150 | 50 50 150 100 100 Overloaded Moves . | . . . . . Propulsion Burnouts . | . . . . . Robots Hopped . | . . . . . Cave-ins Triggered . | . . . . . Exploration Rate (%) 18 | 3 27 31 26 6 Regions Visited 4 Branch Regions 2 Pre-discovered Areas . | . . . . . Known Exits Taken . | . . . . . Unknown Exits Taken 4 | 1 1 1 1 . Scrap Searched 1 | . . 1 . . Spaces Dug . | . . . . . Terrain Destroyed . | . . . . . Melee . | . . . . . Projectile . | . . . . . AOE . | . . . . . Terrain Rammed . | . . . . . Walls Destroyed . | . . . . . Machines Disabled . | . . . . . Actions | -11 -10 -10 -9 -9 --------- Run | Scr Mat Min Mat Min Total 603 | 52 148 123 181 99 Wait 94 | . 23 6 . 65 Move 454 | 46 125 109 153 21 Hop . | . . . . . Pick Up 7 | 4 . 3 . . Fast Attach 2 | . . 1 1 . Attach 9 | 2 . 1 5 1 Detach 5 | . . . 5 . Swap 2 | . . 2 . . Drop 2 | . . 1 1 . Fire 12 | . . . 12 . Melee 15 | . . . 3 12 Ram 1 | . . . 1 . Kick . | . . . . . Crush . | . . . . . Escape Stasis . | . . . . . Rewire . | . . . . . Trap . | . . . . . Miscellaneous . | . . . . . Route ------- -11/Scrapyard -10/Materials -10/Mines -9/Materials (discovered 2 exits: [*Min x2]) -9/Mines History --------- Turn | Location | Event 3 | -11/Scrapyard | Discovered new exit (range 15) 30 | -11/Scrapyard | Entered Materials 113 | -10/Materials | Discovered new exit (range 8) 116 | -10/Materials | Entered Mines 144 | -10/Mines | Met a Derelict who couldn't figure out how to use a Trap Extractor 177 | -10/Mines | Discovered new exit (range 11) 193 | -10/Mines | System corruption reached 10% 196 | -10/Mines | Entered Materials 196 | -9/Materials | Evolved 2 slots: Utility x2 198 | -9/Materials | Discovered new exit (range 14) 268 | -9/Materials | Core integrity fell below 50% 318 | -9/Materials | Discovered new exit (range 12) 320 | -9/Materials | Build established: Mutant 323 | -9/Materials | Entered Mines 410 | -9/Mines | Core integrity fell below 20% 441 | -9/Mines | Destroyed by S-10 Pest with Light Assault Rifle Last Messages --------------- LOCATION=UNKNOWN GOAL=ESCAPE Something is scanning the area. 00324_ K-01 Serf collects debris. 00400_ Terrain Scanner destroyed. 00401_ S-10 Pest suffers critical hit (Smash). 00401_ S-10 Pest destroyed. 00407_ S-10 Pest suffers critical hit (Smash). 00407_ S-10 Pest destroyed. 00420_ Acquired 7 matter. 00421_ Acquired 8 matter. 00433_ S-10 Pest suffers critical hit (Smash). 00433_ Destroyed Lgt. Ion Engine. 00433_ Destroyed Flight Unit. 00433_ S-10 Pest system corrupted by crushing effect. 00434_ S-10 Pest system terminally corrupted. 00439_ S-10 Pest suffers critical hit (Smash). 00439_ Destroyed Flight Unit. 00439_ S-10 Pest system corrupted by crushing effect. 00439_ S-10 Pest destroyed. Map ----- +----------------------------------------------------+ | ????????????????????????????????? | | ????????????????????????????????? | | ????????????????????????????????? | | ????????????????????????????????? | | ????????????????????????????????? | | ????????????????????????????????? | | ????????????????????????????????? | | ?????????????????????? #???????? | | ??????????????????? #??????? | | ???????????????????? ####??? | | ???????????????????? ##?? | | ????????????????????# #?? | | ????????????????????? ##? | | ????????????????????? #?? | | ?????????????????????? ##? | | ???????????????? ????## ?## | | ???????????????????#### #?? | | ??????????????????#?## ?### | | ????????????? ??? ???# ???#? | | ????????????????"""??# ###?# | | ????????????????""" ## #?#??? | | ?????????????"????? ?#?# #??##? | | ??????????????? ??? #?### ##???# | | ?????????????????? ?#####s##???? | | ???????????????? ? ?#####s####?? | | ??????????????? ? ?# @=%= ### | | ?????????????????#?#?## =* ### | | ???????????????##?##### #?# | | ?????????????????????## ### | | ??????????????????#?#?##########? | | ????????????????#?#?#????##???##? | | | | | | | | | | | | | | | | | | | | | | | | | | | | | | | | | | | | | | | +----------------------------------------------------+ Best States ------------- Heat Dissipation 28 Energy Generation 5 Energy Capacity 100 Matter Stores 300 Matter Capacity 300 Sight Range 16 Terrain Scan Range 14 Terrain Scan Density 110 Evasion (%) 50 Trap Extractor Capacity 6 Item Schematics ----------------- None Robot Schematics ------------------ None Fabricated ------------ Nothing Alien Tech Used ----------------- None Achievements -------------- None Challenges ------------ None Game ------ Seed ThermicNuclearFlakker Manual? 0 Play Time 00:07:38 Cumulative 105.0 hours Start 2022.05.16 @ 10:23:15 End 2022.05.16 @ 10:30:30 Sessions 1 Manual Loads 0 Difficulty Rogue Special Mode None Game No. 146 Rogue 146 Adventurer 0 Explorer 0 Win Type - Total 1 Types 1/0/0/0/0/0/0/0/0 Lore% 58 Gallery% 55 Achievement% 48 Wizard Run 0 Options --------- ASCII 0 Keyboard 0 Movement Numpad Keybinds 0 Fullscreen 1 Font 18/X11Bold Map View 76x50 Tactical HUD 1 Map Filters NONE Filters NONE Steam 1 RUN: 76400e3a-6633-465d-9a21-b4ac244c1b17